Map: Beckett Industries LE

Players

opman - Winner!

  • Race: Zerg Zerg

ateballpaul

  • Race: Protoss Protoss
  • League: Silver

VOD

Have the link to the VOD?

Description

Time

  • Played on: June 4, 2021, 1:53 a.m.
  • Length: 6:34
Show
View Real Time Build Order
Export as new Build Order

opman Zerg - Winner!

Build Orders: Hatch First 

Get SALT Encoding   

  12  0:04  Drone  
  13  0:13  Overlord  
  13  0:19  Drone  
  14  0:33  Drone x2  
  16  0:52  Hatchery  
  16  0:54  Drone  
  16  0:57  Drone  
  16  1:02  Drone  
  18  1:06  Extractor  
  17  1:20  Spawning Pool  
  17  1:21  Drone  
  17  1:24  Drone  
  18  1:37  Drone  
  19  2:07  Queen  
  19  2:08  Queen  
  21  2:09  Overlord  
  21  2:12  Zergling x6  
  26  2:17  Zergling x2  
  26  2:22  Metabolic Boost  
  27  2:32  Baneling Nest  
  27  2:33  Zergling x2  
  27  2:34  Zergling x4  
  29  2:41  Zergling x2  
  30  2:51  Overlord  
  30  2:53  Zergling x4  
  32  3:06  Zergling x4  
  32  3:09  Zergling x2  
  35  3:16  Zergling x2  
  36  3:21  Zergling x8  
  36  3:22  Zergling x4  
  42  3:36  Zergling x4  
  44  3:54  Overlord  
  44  3:59  Baneling x3  
  44  4:00  Baneling x4  
  42  5:00  Overlord  
  42  5:01  Overlord x2  
  42  5:19  Queen  
  43  5:23  Lair  
  43  5:32  Overlord x3  
  43  5:43  Baneling x3  
  43  5:54  Queen  
Show
View Real Time Build Order
Export as new Build Order

ateballpaul Protoss 

Build Orders:  

Get SALT Encoding   

  12  0:17  Pylon  
  12  0:19  Probe (Chrono Boost)  
  14  0:28  Probe (Chrono Boost)  
  14  0:33  Probe (Chrono Boost)  
  15  0:38  Gateway  
  15  0:43  Assimilator  
  15  0:46  Probe  
  16  0:59  Probe (Chrono Boost)  
  17  1:10  Assimilator  
  17  1:11  Probe (Chrono Boost)  
  18  1:19  Probe (Chrono Boost)  
  18  1:25  Probe  
  19  1:29  Cybernetics Core  
  20  2:22  Stargate  
  20  2:23  Probe (Chrono Boost)  
  21  2:32  Probe (Chrono Boost)  
  21  2:34  Pylon  
  22  2:37  Probe (Chrono Boost)  
  22  2:42  Protoss Air Armor Level 1  
  23  3:02  Void Ray (Chrono Boost)  
  27  3:20  Nexus  
  27  3:27  Stargate  
  27  3:39  Pylon  
  27  3:59  Fleet Beacon  
  28  4:02  Probe  
  28  4:09  Pylon  
  28  4:15  Probe, Assimilator  
  29  4:25  Void Ray (Chrono Boost)  
  29  4:27  Probe  
  24  4:39  Probe  
  10  4:51  Probe  
  9  5:17  Probe  
  9  5:20  Nexus  
  10  5:29  Probe  
Tags
 
Add a new tag
Caveats
  • Supply blocks, unpowered buildings, or Contaminate may cause inaccurate times.
  • Supply counts are checked every 10 seconds.